 Dungeon Crawl Stone Soup version 0.29.1-14-g9c671dbff4 (webtiles) character file.

Game seed: 7195907567857401752

578 H0rd4k the Insei (level 7, -1/47 HPs)
             Began as an Octopode Artificer on Feb 15, 2023.
             Slain by a phantom (3 damage)
             ... on level 6 of the Dungeon.
             The game lasted 00:05:52 (4065 turns).

H0rd4k the Insei (Octopode Artificer)               Turns: 4065, Time: 00:05:52

Health: -1/47      AC:  1    Str: 11    XL:     7   Next: 36%
Magic:  11/11      EV: 13    Int: 15    God:
Gold:   213        SH:  0    Dex: 13    Spells: 12/12 levels left

rFire   + . .      SeeInvis .     - Unarmed
rCold   x . .      Faith    .   (no shield)
rNeg    . . .      Spirit   .   (helmet restricted)
rPois   .          Reflect  .   (no amulet)
rElec   .          Harm     .   a - ring of fire
rCorr   .          Rampage  .   (no ring)
Will    .....                   (no ring)
Stlth   +++.......              (no ring)
HPRegen 0.15/turn               (no ring)
MPRegen 0.12/turn               (no ring)
                                (no ring)
                                (no ring)

@: no status effects
A: almost no armour, amphibious, 8 rings, camouflage 1, gelatinous body 1,
(nimble swimmer 1), tentacles
a: no special abilities


You were on level 6 of the Dungeon.
You visited 1 branch of the dungeon, and saw 6 of its levels.

You collected 213 gold pieces.

Inventory:

Missiles
 m - 2 throwing nets
 o - 4 curare-tipped darts
Jewellery
 a - a ring of fire (left tentacle)
Wands
 c - a wand of charming (6)
 d - a wand of iceblast (4)
 r - a wand of paralysis (7)
 t - a wand of flame (48)
Scrolls
 e - 6 scrolls of identify {unknown}
 f - 3 scrolls of teleportation {unknown}
 h - 2 scrolls of enchant weapon {unknown}
 i - a scroll of summoning {unknown}
 j - a scroll of fog {unknown}
 l - a scroll of fear {unknown}
 n - 2 scrolls of amnesia {unknown}
Potions
 b - 2 potions of curing {unknown}
 g - a potion of lignification {unknown}
 k - a potion of mutation {unknown}
 p - a potion of brilliance {unknown}
 q - a potion of flight {unknown}
 s - 2 potions of heal wounds {unknown}
 u - a potion of haste {unknown}


   Skills:
 * Level 3.8 Fighting
 - Level 2.3 Dodging
 - Level 1.3 Stealth
 + Level 5.1 Unarmed Combat
 * Level 3.2 Spellcasting
 - Level 3.2 Evocations


You had 12 spell levels left.
You didn't know any spells.
Your spell library contained the following spells:

 Spells                   Type           Power      Damage    Failure   Level
 Magic Dart               Conj           8%         1d3       21%         1
 Iskenderun's Battlesphe  Conj           2%         2d6       99%         5
 Conjure Ball Lightning   Conj/Air       1%         3x3d6     100%        6
 Lehudib's Crystal Spear  Conj/Erth      1%         10d2      100%        8


Dungeon Overview and Level Annotations

Branches:
Dungeon (6/15)
 Temple: D:4-7

Altars:
Dithmenos
Elyvilon
Xom
Zin

Shops:
D:2 =

Annotations:
D:5 exclusion: ice beast


Innate Abilities, Weirdness & Mutations

You cannot wear most types of armour.
You are amphibious.
You can wear up to eight rings at the same time.
Your skin changes colour to match your surroundings (Stealth+).
Your rubbery body absorbs attacks. (AC +1, EV +1)
((You are camouflaged when in or above water. (Stealth+)))
You have tentacles for arms and can constrict up to eight enemies at once.


Message History

Aiming: Charm
Press: ? - help, Shift-Dir - straight line, f - phantom
Aim: a phantom (chance to affect: 39%)
The phantom resists with some effort.
Unknown command.
You closely miss the phantom. Your squeeze misses the phantom.
The phantom hits you.
You tentacle-slap the phantom.
The phantom is moderately damaged.
The phantom closely misses you.
You tentacle-slap the phantom.
The phantom is moderately damaged.
The phantom closely misses you.
You miss the phantom.
The phantom is moderately damaged.
The phantom closely misses you.
You tentacle-slap the phantom.
The phantom is moderately damaged.
The phantom hits you.
You tentacle-slap the phantom.
The phantom is heavily damaged.
The phantom hits you!
* * * LOW HITPOINT WARNING * * *
The phantom blinks!
You blink.
There is an escape hatch in the floor here.
You tentacle-slap the phantom. Your squeeze misses the phantom.
The phantom is severely damaged.
The phantom hits you.
* * * LOW HITPOINT WARNING * * *
The phantom blinks!
You blink.
You tentacle-slap the phantom. You squeeze the phantom.
The phantom is almost destroyed.
You closely miss the phantom.
The phantom is almost destroyed.
The phantom hits you.
* * * LOW HITPOINT WARNING * * *
You tentacle-slap the phantom.
The phantom is almost destroyed.
The phantom hits you.
You die...

..####.# #...#
.......#####...#
...............#####
.############......#
.#############.###.#
...............# #.#
##..############ #.#
#..##############.##
#..............@W..#
###''#############..#
....h...... #..#
.......§§.. #..#
§§....§§§≈. #..#
§§§...≈§≈≈. #..#
≈≈....≈§§≈. #.§#
≈≈....≈§≈≈. #.>#
....$...... #..#


You could see a phantom.

Vanquished Creatures
  An ice beast (D:6)
  An ogre (D:5)
  A phantom (D:4)
  3 iguanas (D:4)
  4 adders
  A white imp (D:5)
  3 dart slugs
  2 orcs (D:5)
  4 endoplasms
  3 giant cockroaches
  6 goblins
  7 hobgoblins
  15 jackals
  2 quokkas
  4 ball pythons
  7 bats
  2 frilled lizards
  7 kobolds
  3 rats (D:2)
76 creatures vanquished.

Vanquished Creatures (collateral kills)
  A black bear (D:4)
  A jelly (D:6)
  An adder (D:2)
  An orc (D:4)
  2 endoplasms
  A giant cockroach (D:4)
  A hobgoblin (D:4)
  2 jackals (D:4)
  A quokka (D:4)
11 creatures vanquished.

Vanquished Creatures (others)
  A scorpion (D:6)
  A hound (D:6)
  A plant (D:3)
3 creatures vanquished.

Grand Total: 90 creatures vanquished

Notes
Turn   | Place    | Note
-------+----------+-------------------------------------------
     0 | D:1      | H0rd4k the Octopode Artificer began the quest for the Orb.
     0 | D:1      | Reached XP level 1. HP: 13/13 MP: 1/1
   201 | D:1      | Reached skill level 1 in Spellcasting
   228 | D:1      | Reached XP level 2. HP: 4/18 MP: 3/3
   652 | D:1      | Got the Guide on Windy Blasts
   849 | D:1      | Reached XP level 3. HP: 24/24 MP: 5/5
  1225 | D:2      | Found a shimmering altar of Xom.
  1239 | D:2      | Found a faded altar of an unknown god.
  1247 | D:2      | Reached skill level 1 in Unarmed Combat
  1509 | D:2      | Reached XP level 4. HP: 7/29 MP: 6/6
  1806 | D:2      | Found Jagakhag's Jewellery Shoppe.
  2371 | D:2      | Reached skill level 2 in Unarmed Combat
  2567 | D:3      | You fall into a shaft and drop 3 floors!
  2569 | D:6      | Noticed a steam dragon
  2591 | D:5      | Entered Level 5 of the Dungeon
  2761 | D:4      | Noticed a black bear
  2781 | D:4      | Reached XP level 5. HP: 31/35 MP: 8/8
  2783 | D:4      | Killed a black bear
  2784 | D:4      | Reached skill level 3 in Unarmed Combat
  2799 | D:4      | Found a shadowy altar of Dithmenos.
  2850 | D:4      | Noticed a phantom
  2854 | D:4      | Reached XP level 6. HP: 28/42 MP: 8/10
  2877 | D:4      | Found a glowing silver altar of Zin.
  2973 | D:4      | Reached skill level 4 in Unarmed Combat
  3512 | D:5      | Noticed an ice beast
  3520 | D:5      | Found a white marble altar of Elyvilon.
  3652 | D:5      | Reached XP level 7. HP: 34/46 MP: 11/11
  4019 | D:6      | Reached skill level 5 in Unarmed Combat
  4064 | D:6      | HP: 2/47 [phantom (5)]
  4065 | D:6      | Slain by a phantom

Illustrated notes

Levels and vault maps discovered:
D:1:      ncdulo_lavacross, layout_loops_ring
D:2:      layout_rooms, ebering_ecumenical_altar_sacrificial, serial_shops,
          nicolae_shop_temple_entry_statues_fountains, basic_altar
D:3:      layout_rooms, gammafunk_temple_overflow_claw, serial_bayou_ford_a,
          nicolae_shop_vocational
D:4:      layout_cave_pools, mainiacjoe_overflow_surrounded_room,
          grunt_dithmenos_smoke_and_mirrors, st_stairs_2
D:5:      layout_basic, elyvilon_altar_3
D:6:      layout_loops_ring, mainiacjoe_overflow_six_doors_small,
          gammafunk_temple_overflow_statue, minmay_temple_entry_gardened_gates,
          kennysheep_dice

Skill      XL: |  1  2  3  4  5  6  7 |
---------------+----------------------+-----
Spellcasting   | 1 2 3 |  3.2
Fighting       | 2 3 |  3.8
Unarmed Combat | 1 2 3 4 5 |  5.1
Dodging        | |  2.3
Stealth        | |  1.3
Evocations     | |  3.2

Action                   |  1- 3 |  4- 6 |  7- 9 || total
-------------------------+-------+-------+-------++-------
Melee: Unarmed           |   110 |    88 |    27 ||   225
       Constrict         |    28 |    24 |     3 ||    55
       Tentacles         |    25 |    18 |     7 ||    50
       Punch             |     1 |     3 |     1 ||     5
Evoke: Wand              |     1 |    21 |     6 ||    28
 Stab: Sleeping          |     3 |     6 |     1 ||    10
       Paralysed         |       |     5 |     3 ||     8
Armor: Skin              |    19 |     5 |       ||    24
Dodge: Dodged            |    93 |    85 |     8 ||   186
